 Dungeon Crawl Stone Soup version 0.30-a0-738-g116ff8c4af (webtiles) character file.

Game seed: 4631972414290745706

163024 Firecrotchwizard the Impaler (level 17, -1/163 HPs)
             Began as a Hill Orc Monk on Feb 4, 2023.
             Was the Champion of Beogh.
             Slain by a salamander mystic
             ... wielding a +0 quarterstaff
              (12 damage)
             ... on level 4 of the Snake Pit.
             The game lasted 02:49:10 (43468 turns).

Firecrotchwizard the Impaler (Hill Orc Monk)       Turns: 43468, Time: 02:49:10

Health: -1/163     AC: 32    Str: 22    XL:     17   Next: 52%
Magic:  30/30      EV:  6    Int: 16    God:    Beogh [******]
Gold:   806        SH:  0    Dex: 13    Spells: 16/16 levels left

rFire   . . .      SeeInvis +    W - +3 glaive (freeze)
rCold   + . .      Faith    +    (shield currently unavailable)
rNeg    + . .      Spirit   .    z - +7 chain mail of Aheusysm {rC+ Slay+2}
rPois   +          Reflect  .    m - +2 hat
rElec   .          Harm     .    o - +2 cloak
rCorr   .          Rampage  .    u - +2 pair of gloves
Will    +....                    I - +0 pair of boots Stlth
                                 t - amulet of faith
HPRegen 0.47/turn                Q - +4 ring of slaying
MPRegen 0.22/turn                v - ring "Anam" {Drain rPois rN+ Int+6 SInv}

@: lethally poisoned (-1 -> -8), constricted
A: walk on water
}: 1/15 runes: decaying
a: Renounce Religion, Smiting, Recall Orcish Followers, Give Item to Named
Follower, Resurrection


You were on level 4 of the Snake Pit.
You worshipped Beogh.
Beogh was exalted by your worship.
You visited 5 branches of the dungeon, and saw 30 of its levels.

You collected 2221 gold pieces.
You spent 1415 gold pieces at shops.

Inventory:

Hand Weapons
 b - a +1 halberd of venom
   (You found it on level 7 of the Dungeon)
 p - a +2 halberd
   (You took it off a wight on level 8 of the Dungeon)
 q - a +3 battleaxe
   (You took it off a wight on level 8 of the Dungeon)
 S - the +6 shillelagh "Devastator" {shatter}
   (You found it on level 11 of the Dungeon)
 W - a +3 glaive of freezing (weapon)
   (You took it off a vault guard on level 12 of the Dungeon)
Missiles
 a - 9 poisoned darts
 g - 4 throwing nets {!d}
Armour
 m - a +2 hat (worn)
   (You found it on level 4 of the Dungeon)
 o - a +2 cloak (worn)
   (You found it on level 5 of the Lair of Beasts)
 u - a +2 pair of gloves (worn)
   (You found it on level 1 of the Lair of Beasts)
 z - the +7 chain mail of Aheusysm (worn) {rC+ Slay+2}
   (You found it on level 5 of the Dungeon)

   Slay:      It affects your accuracy & damage with ranged weapons and melee
   (+2).
   rC:        It protects you from cold.
 F - the +1 plate armour of a wizard's laboratory {rPois Regen+ Str-3}
   (You found it on level 12 of the Dungeon)

   Str:       It affects your strength (-3).
   rPois:     It protects you from poison.
   Regen:     It increases your rate of health regeneration.
 I - a +0 pair of boots (worn)
   (You found it on level 2 of the Swamp)
Jewellery
 c - a ring of resist corrosion
   (You found it on level 2 of the Dungeon)
 f - a ring of fire {rF+, rC-}
   (You found it on level 6 of the Dungeon)
 n - a ring of positive energy {rN+}
   (You found it on level 1 of the Dungeon)
 t - an amulet of faith (around neck)
   (You found it on level 3 of the Dungeon)
 v - the ring "Anam" (right hand) {Drain rPois rN+ Int+6 SInv}
   (You found it on level 5 of the Lair of Beasts)

   [ring of intelligence]

   Int:       It affects your intelligence (+6).
   rPois:     It protects you from poison.
   rN:        It protects you from negative energy.
   SInv:      It lets you see invisible.
   Drain:     It drains your maximum health when unequipped.
 x - the amulet "Tesireet" {rF+ Regen+ Str+5}
   (You found it on level 5 of the Lair of Beasts)

   [amulet of regeneration]

   Str:       It affects your strength (+5).
   rF:        It protects you from fire.
   Regen:     It increases your rate of health regeneration.
 A - a ring of protection from cold {rC+, !d}
   (You found it on level 3 of the Lair of Beasts)
 C - a ring of protection from cold {rC+, !d}
   (You found it on level 2 of the Lair of Beasts)
 E - a +5 ring of evasion
   (You found it on level 4 of the Lair of Beasts)
 Q - a +4 ring of slaying (left hand)
   (You took it off a hobgoblin on level 4 of the Dungeon)
Wands
 d - a wand of digging (5)
   (You found it on level 1 of the Lair of Beasts)
 e - a wand of charming (26)
   (You found it on level 10 of the Dungeon)
 i - a wand of iceblast (7)
   (You found it on level 1 of the Swamp)
 j - a wand of polymorph (23)
   (You found it on level 8 of the Dungeon)
 y - a wand of mindburst (27)
   (You found it on level 10 of the Dungeon)
Scrolls
 k - 4 scrolls of fog
 r - 10 scrolls of identify {@r1}
 B - 2 scrolls of brand weapon
 D - a scroll of blinking {!r}
 K - 8 scrolls of immolation {!r}
 O - a scroll of silence
 V - 4 scrolls of vulnerability {!r!r}
 X - 5 scrolls of magic mapping {@r4!r}
 Y - 14 scrolls of teleportation {@r3}
 Z - 2 scrolls of fear
Potions
 h - 2 potions of cancellation
 s - 3 potions of invisibility
 G - a potion of ambrosia {!q}
 H - 4 potions of haste
 J - 12 potions of curing {@q1}
 L - 8 potions of flight
 M - a potion of magic
 N - 4 potions of heal wounds {@q2}
 P - 2 potions of lignification {!q}
 R - 7 potions of might
 T - a potion of berserk rage {!q}
 U - 5 potions of mutation {!q}
Miscellaneous
 l - a condenser vane
   (You found it on level 15 of the Dungeon)
 w - a phial of floods
   (You found it on level 5 of the Lair of Beasts)


   Skills:
 + Level 17.8 Fighting
 - Level 20.0 Polearms
 + Level 16.1 Armour
 - Level 2.6 Dodging
 - Level 2.0 Stealth
 + Level 18.7 Invocations


You had 16 spell levels left.
You didn't know any spells.
Your spell library contained the following spells:

 Spells                   Type           Power      Damage    Failure   Level
 Apportation              Tloc           0%         N/A       73%         1
 Magic Dart               Conj           0%         1d3       73%         1
 Sandblast                Erth           0%         2d4       73%         1
 Summon Small Mammal      Summ           0%         N/A       73%         1
 Cigotuvi's Dreadful Rot  Necr/Pois/Air  0%         N/A       86%         2
 Passwall                 Tmut/Erth      0%         N/A       86%         2
 Poisonous Vapours        Pois/Air       0%         N/A       86%         2
 Searing Ray              Conj           0%         2d4       86%         2
 Sublimation of Blood     Necr           0%         N/A       86%         2
 Wereblood                Tmut           0%         N/A       86%         2
 Call Canine Familiar     Summ           0%         N/A       97%         3
 Dazzling Flash           Conj/Hex       0%         N/A       97%         3
 Frozen Ramparts          Ice            0%         1d1       97%         3
 Mephitic Cloud           Conj/Pois/Air  0%         N/A       97%         3
 Ozocubu's Armour         Ice            0%         N/A       97%         3
 Stone Arrow              Conj/Erth      0%         3d7       97%         3
 Summon Guardian Golem    Hex/Summ       0%         N/A       97%         3
 Airstrike                Air            0%         2d(0-16)  100%        4
 Animate Armour           Summ/Erth      0%         N/A       100%        4
 Fulminant Prism          Conj/Hex       0%         3d5       100%        4
 Ice Form                 Ice/Tmut       0%         N/A       100%        4
 Summon Ice Beast         Ice/Summ       0%         N/A       100%        4
 Summon Lightning Spire   Summ/Air       0%         N/A       100%        4
 Agony                    Necr           0%         N/A       100%        5
 Alistair's Intoxication  Tmut/Pois      0%         N/A       100%        5
 Blade Hands              Tmut           0%         N/A       100%        5
 Fireball                 Conj/Fire      0%         3d3       100%        5
 Freezing Cloud           Conj/Ice/Air   0%         6-21      100%        5
 Iskenderun's Battlesphe  Conj           0%         2d6       100%        5
 Lightning Bolt           Conj/Air       0%         1d11      100%        5
 Silence                  Hex/Air        0%         N/A       100%        5
 Conjure Ball Lightning   Conj/Air       0%         3x3d6     100%        6
 Iron Shot                Conj/Erth      0%         9d1       100%        6
 Simulacrum               Ice/Necr       0%         N/A       100%        6
 Orb of Destruction       Conj           0%         9d5       100%        7
 Ozocubu's Refrigeration  Ice            0%         4d7       100%        7
 Spellforged Servitor     Conj/Summ      0%         N/A       100%        7
 Summon Hydra             Summ           0%         N/A       100%        7
 Polar Vortex             Ice            0%         N/A       100%        9


Dungeon Overview and Level Annotations

Branches:
Dungeon (15/15)            Temple (0/1) D:5            Lair (5/5) D:8
  Swamp (4/4) Lair:3        Snake (4/4) Lair:2        Slime (0/5) Lair:5
    Orc (2/2) D:10            Elf (0/3) Orc:2        Vaults (0/5) D:13
 Depths (0/4) D:15

Altars:
Ashenzari
Cheibriados
Fedhas
Nemelex Xobeh
Okawaru
Uskayaw
The Shining One
Beogh

Shops:
D:1 [   D:5 (   D:11 [   D:12 [   Orc:1 !   Orc:2 *(!?[

Annotations:
D:2 exclusion: door
D:3 1 runed translucent door, Crazy Yiuf
Lair:2 2 transporters, jasper's ghost, journeyman DsNe
Swamp:3 1 runed translucent door, exclusions: door and spriggan druid, MrSquiggles's ghost, journeyman MiAr


Message History

The bolt of poison misses you.
The guardian serpent casts a spell at you.
The bolt of poison hits you. You resist.
* * * LOW HITPOINT WARNING * * *
The naga warrior roars a battlecry!
The salamander mystic goes into a battle-frenzy!
The guardian serpent casts a spell at you.
The bolt of poison hits you. You resist.
* * * LOW HITPOINT WARNING * * *
You take 8 damage, and have 33/163 hp.
You feel much better.
The guardian serpent hits you but does no damage.
The guardian serpent coils itself and waves its upper body at you.
You easily resist.
You regained 25 hp, and now have 58/163 hp.
You slice the guardian serpent!! You freeze the guardian serpent!
The naga warrior no longer looks unusually strong.
The guardian serpent coils itself and waves its upper body at you.
The bolt of poison hits you.
You are poisoned.
You resist.
You take 6 damage, and have 52/163 hp.
You slice the guardian serpent!! You freeze the guardian serpent.
You kill the guardian serpent!
Beogh accepts your kill.
You feel very sick. The naga warrior spits poison at you.
The splash of poison hits you but does no damage.
You resist.
You take 2 damage, and have 50/163 hp.
Reach: W) +3 glaive (freeze)
Aim: a naga warrior, wielding a +0 battleaxe (fast, about 24% to evade your +3 glaive of freezing)
You reach to attack!
You hit the naga warrior. You freeze the naga warrior.
You feel very sick.
The naga warrior roars a battlecry!
The naga warrior goes into a battle-frenzy!
The naga warrior spits poison at you. The splash of poison misses you.
You take 3 damage, and have 47/163 hp.
Reach: W) +3 glaive (freeze)
Aim: a naga warrior, wielding a +0 battleaxe (lightly wounded, fast, strong, about 24% to evade your +3 glaive of freezing)
You reach to attack!
You hit the naga warrior but do no damage.
You feel sick.
The guardian serpent hits you but does no damage.
You take 2 damage, and have 45/163 hp.
Reach: W) +3 glaive (freeze)
Aim: a naga warrior, wielding a +0 battleaxe (lightly wounded, fast, strong, about 24% to evade your +3 glaive of freezing)
You slash the naga warrior! You freeze the naga warrior.
You feel sick. The guardian serpent hits you!
* * * LOW HITPOINT WARNING * * *
The naga warrior spits poison at you. The splash of poison misses you.
You take 14 damage, and have 31/163 hp.
Reach: W) +3 glaive (freeze)
Aim: a naga warrior, wielding a +0 battleaxe (moderately wounded, fast, strong, catching its breath, about 24% to evade your +3 glaive of freezing)
You slice the naga warrior!! You freeze the naga warrior.
You feel sick. The guardian serpent hits you.
* * * LOW HITPOINT WARNING * * *
The naga warrior barely misses you. The naga warrior grabs you.
The naga warrior constricts you.
You take 5 damage, and have 26/163 hp.
You feel much better.
You feel sick. The guardian serpent barely misses you.
The naga warrior loses its grip on you. The guardian serpent barely misses you.
You regained 25 hp, and now have 51/163 hp.
You hit the salamander mystic but do no damage.
You feel sick.
The naga warrior roars a battlecry!
The naga warrior goes into a battle-frenzy!
The guardian serpent hits you but does no damage.
The salamander mystic hits you but does no damage.
You slash the salamander mystic! You freeze the salamander mystic.
You feel sick.
The naga warrior hits you with a +0 battleaxe!!
* * * LOW HITPOINT WARNING * * *
The naga warrior grabs you. The naga warrior constricts you.
The guardian serpent hits you.
* * * LOW HITPOINT WARNING * * *
You take 32 damage, and have 19/163 hp.
You slash the salamander mystic! You freeze the salamander mystic.
You feel sick. The naga warrior barely misses you.
The salamander mystic hits you but does no damage.
The naga warrior closely misses you. The naga warrior constricts you.
The guardian serpent hits you but does no damage.
You take 1 damage, and have 18/163 hp.
You slice the salamander mystic!! You freeze the salamander mystic.
You feel sick. The naga warrior spits poison at you.
The splash of poison hits you but does no damage.
You are more poisoned.
You resist. The naga warrior constricts you.
The naga warrior hits you but does no damage.
The guardian serpent coils itself and waves its upper body at you.
The bolt of poison hits you. You resist.
* * * LOW HITPOINT WARNING * * *
The salamander mystic hits you with a +0 quarterstaff.
* * * LOW HITPOINT WARNING * * *
You are engulfed in flames!
You die...

##.#.# ##.#####
###.#.###..#
#.........##
#.#.#..#.## #........#
###. #.####.#.## .....
#.####.#..#.§....
#NNN†)....'.§≈≈§≈
#@####....'.§§≈≈≈
#.S.......'?≈§≈≈≈
#.####....#..§...
#.#####.#####..###...S.
#..........###.# .###.
################.##.#
#[# .
.....†....).####.# #
#.# ##
.#######.........# .#
#####.........#


You could see 2 naga warriors, a salamander mystic (strong) and a guardian
serpent.

Vanquished Creatures
  Jorgrun (Swamp:2)
  Frances (D:12)
  A nagaraja (Snake:3)
  A fenstrider witch (Swamp:3)
  3 eleionomae
  2 bunyips (Swamp:3)
  3 dire elephants (Lair:5)
  2 ettins
  7 hydras
  3 vault guards
  A salamander tyrant (Snake:2)
  2 ghost crabs (Swamp:2)
  Harold (Lair:1)
  3 centaur warriors
  An ogre mage (D:15)
  Erolcha (D:13)
  5 anacondas
  2 boulder beetles
  A catoblepas (Lair:2)
  6 two-headed ogres
  2 tengu warriors (D:15)
  6 alligators
  A two-headed ogre (shapeshifter) (D:15)
  6 naga warriors
  3 death yaks
  A shock serpent (Snake:2)
  5 naga sharpshooters
  An orc high priest (Orc:2)
  A hell knight (D:15)
  Sonja (D:13)
  A salamander mystic (Snake:2)
  A spriggan druid (Swamp:3)
  4 goliath frogs
  A spectral anaconda (Lair:5)
  3 bog bodies
  4 naga ritualists
  A sea snake (shapeshifter) (D:15)
  11 swamp dragons
  A wizard (D:15)
  3 necromancers
  2 lindwurms (Lair:2)
  3 deep elf pyromancers
  An orc sorcerer (Orc:2)
  An orc knight (Orc:2)
  5 ugly things
  5 mana vipers
  2 cyclopes (D:15)
  2 manticores
  4 salamanders
  8 elephants
  Joseph (D:10)
  25 black mambas
  5 cane toads
  5 naga magi
  4 guardian serpents
  An unseen horror (D:11)
  A yaktaur (D:15)
  6 rime drakes
  2 komodo dragons
  A freezing wraith (D:14)
  A tengu conjurer (D:15)
  4 kobold demonologists
  7 tyrant leeches
  3 meliai (D:15)
  3 trolls
  8 hornets
  2 polar bears
  8 blink frogs
  A spectral elephant (Lair:5)
  5 dream sheep (Lair:2)
  8 spriggans
  7 slime creatures
  A shadow (D:11)
  2 wyverns
  A wraith (D:11)
  19 yaks
  A hog (D:12)
  3 basilisks
  2 steam dragons
  20 vampire mosquitoes
  11 swamp worms
  2 death yak simulacra (Lair:5)
  26 nagas
  An acid dragon (D:14)
  3 wargs
  4 water moccasins
  5 black bears
  7 orc warriors
  4 swamp drakes (Swamp:4)
  2 ice beasts
  9 ogres
  An elephant zombie (Lair:5)
  An elephant skeleton (Lair:5)
  7 centaurs
  7 wolves (Lair:1)
  4 kobold brigands
  9 bullfrogs
  A necrophage (D:6)
  2 scorpions
  11 wights
  2 electric eels
  A howler monkey (D:9)
  6 hounds
  4 orc priests
  Jessica (D:3)
  3 iguanas
  12 orc wizards
  Natasha (D:4)
  Robin (D:4)
  5 gnolls
  8 adders
  A shadow imp (D:7)
  5 white imps
  An ufetubus (D:6)
  2 dart slugs
  6 orcs
  8 ball pythons
  4 endoplasms
  3 giant cockroaches
  16 goblins
  11 hobgoblins
  12 jackals
  6 kobolds
  3 quokkas
  8 bats
  3 frilled lizards
  3 rats
  2 fungi
549 creatures vanquished.

Vanquished Creatures (collateral kills)
  A tentacled monstrosity (Swamp:3)
  Kirke (D:11)
  A thorn hunter (Swamp:3)
  Donald (Swamp:2)
  3 bunyips
  A shambling mangrove (Swamp:2)
  Fannar (D:11)
  5 rakshasas (D:14)
  5 vault guards
  14 hydras
  3 death yaks
  A two-headed ogre (D:15)
  2 anacondas (Snake:2)
  A catoblepas (Lair:2)
  2 alligators
  An obsidian statue (Lair:5)
  A deep troll (D:15)
  Lodul (D:11)
  A necromancer (Lair:5)
  An ugly thing (D:11)
  3 orc sorcerers (Orc:2)
  A mana viper (Snake:2)
  A guardian serpent (Snake:2)
  6 black mambas
  A gargoyle (D:11)
  2 cane toads (Lair:4)
  20 elephants
  Psyche (D:11)
  A rime drake (Lair:5)
  An efreet (D:13)
  2 yaktaurs (D:15)
  8 komodo dragons
  2 trolls
  A tyrant leech (Lair:3)
  3 hornets
  14 blink frogs
  2 dream sheep (Lair:2)
  A dire elephant simulacrum (Lair:5)
  2 spriggans
  6 slime creatures
  A wyvern (Lair:4)
  2 basilisks
  26 yaks
  2 wraiths (D:11)
  7 vampire mosquitoes
  Menkaure (D:6)
  7 nagas
  5 water moccasins
  An ice beast (D:6)
  2 swamp drakes (Swamp:3)
  7 orc warriors
  An elephant zombie (Lair:5)
  5 ogres
  4 wolves (Lair:1)
  3 centaurs
  3 bullfrogs
  A gnoll sergeant (D:9)
  8 wights
  A hound (shapeshifter) (D:14)
  A hound (Lair:1)
  8 orc priests
  2 iguanas
  8 orc wizards
  3 gnolls (D:9)
  10 white imps
  A worm (D:5)
  13 orcs
  3 kobolds (D:10)
  A bush (Lair:5)
262 creatures vanquished.

Vanquished Creatures (others)
  6 orc knights
  2 orc sorcerers (D:14)
  5 orc warriors
  A bloated husk (Swamp:1)
  2 humans (D:12)
  15 orc priests
  10 orc wizards
  39 orcs
  A goblin (D:4)
  A rat (D:11)
  A bush (Lair:5)
  53 fungi
  57 plants
  13 toadstools (Lair:2)
  32 withered plants (Lair:5)
238 creatures vanquished.

Grand Total: 1049 creatures vanquished

Notes
Turn   | Place    | Note
-------+----------+-------------------------------------------
     0 | D:1      | Firecrotchwizard the Hill Orc Monk began the quest for the
                  | Orb.
     0 | D:1      | Reached XP level 1. HP: 19/19 MP: 1/1
   158 | D:1      | Reached XP level 2. HP: 20/27 MP: 2/2
   225 | D:1      | Found Weif's Armour Emporium.
   518 | D:1      | Reached skill level 4 in Fighting
   921 | D:2      | Reached skill level 2 in Stealth
  1057 | D:2      | Reached XP level 3. HP: 33/33 MP: 3/3
  1393 | D:2      | Reached skill level 4 in Polearms
  1486 | D:2      | Found a faded altar of an unknown god.
  1932 | D:3      | Reached XP level 4. HP: 39/41 MP: 4/4
  2312 | D:3      | Found a hide-covered altar of Uskayaw.
  2406 | D:3      | Found a runed translucent door.
  2407 | D:3      | Noticed Crazy Yiuf
  2589 | D:3      | Noticed Jessica
  2590 | D:3      | Killed Jessica
  2729 | D:3      | Reached XP level 5. HP: 44/47 MP: 5/5
  2736 | D:3      | Reached skill level 5 in Polearms
  2918 | D:4      | Became a worshipper of Beogh the Brigand
  2918 | D:4      | Reached * piety under Beogh
  2918 | D:4      | Reached ** piety under Beogh
  2922 | D:4      | Noticed a black bear
  3106 | D:4      | Reached skill level 5 in Fighting
  3151 | D:4      | Noticed an ogre
  3154 | D:4      | Killed an ogre
  3155 | D:4      | Reached XP level 6. HP: 56/56 MP: 6/6
  3161 | D:4      | Reached skill level 6 in Polearms
  3330 | D:4      | Noticed a black bear
  3336 | D:4      | Killed a black bear
  3758 | D:4      | Reached skill level 6 in Fighting
  3758 | D:4      | Reached XP level 7. HP: 62/63 MP: 7/7
  3957 | D:4      | Noticed Robin
  3966 | D:4      | Killed Robin
  3966 | D:4      | Reached *** piety under Beogh
  4047 | D:4      | Reached skill level 7 in Polearms
  4047 | D:4      | Reached skill level 1 in Invocations
  4256 | D:4      | Noticed Natasha
  4263 | D:4      | Killed Natasha
  4264 | D:4      | Reached skill level 2 in Invocations
  4451 | D:5      | Entered Level 5 of the Dungeon
  4578 | D:5      | Identified the +7 chain mail of Aheusysm {rC+ Slay+2}
  4631 | D:5      | Reached skill level 3 in Invocations
  4631 | D:5      | Reached XP level 8. HP: 65/71 MP: 8/10
  4634 | D:5      | Reached skill level 8 in Polearms
  4698 | D:5      | Found a staircase to the Ecumenical Temple.
  4828 | D:5      | Reached skill level 7 in Fighting
  4981 | D:5      | Found Naggukho's Weapon Emporium.
  5556 | D:6      | Reached skill level 4 in Invocations
  5770 | D:6      | Reached **** piety under Beogh
  5983 | D:6      | Reached skill level 9 in Polearms
  5984 | D:6      | Noticed Menkaure
  5985 | D:6      | Noticed a kobold demonologist
  5985 | D:6      | Noticed a kobold demonologist
  5988 | D:6      | Noticed a sixfirhy
  5988 | D:6      | Killed a kobold demonologist
  5989 | D:6      | Reached skill level 5 in Invocations
  5991 | D:6      | Killed Menkaure
  5991 | D:6      | HP: 13/74 [wight/+4 scimitar (8)]
  5992 | D:6      | Reached XP level 9. HP: 14/81 MP: 2/12
  6002 | D:6      | HP: 17/79 [hound (1)]
  6014 | D:6      | Reached skill level 8 in Fighting
  6032 | D:6      | HP: 20/81 [wight/+0 halberd (2)]
  6034 | D:6      | Killed a kobold demonologist
  6035 | D:6      | Reached skill level 10 in Polearms
  6051 | D:5      | HP: 15/81 [wight/+0 great sword (8)]
  6270 | D:6      | Reached skill level 6 in Invocations
  6836 | D:7      | Reached skill level 9 in Fighting
  6836 | D:7      | Reached skill level 7 in Invocations
  6925 | D:7      | Reached skill level 11 in Polearms
  7287 | D:8      | Reached XP level 10. HP: 42/90 MP: 15/15
  7475 | D:8      | Reached ***** piety under Beogh
  7811 | D:8      | Identified the +0 leather armour of the Tuna {Contam rElec
                  | Str+6}
  7813 | D:8      | Identified the +0 robe of Distant Shores {Str-4 Int+4}
  7850 | D:8      | Paralysed by a hornet for 2 turns
  7915 | D:8      | Found a staircase to the Lair.
  7999 | D:8      | Reached skill level 8 in Invocations
  8227 | D:9      | Noticed a manticore
  8233 | D:9      | Killed a manticore
  8234 | D:9      | Reached skill level 12 in Polearms
  8489 | D:9      | Found a broken altar of Ashenzari.
  8502 | D:9      | Found a snail-covered altar of Cheibriados.
  8502 | D:9      | Found a sparkling altar of Nemelex Xobeh.
  8686 | D:9      | Reached skill level 10 in Fighting
  8976 | D:10     | Entered Level 10 of the Dungeon
  9205 | D:10     | Reached skill level 9 in Invocations
  9275 | D:10     | Found a staircase to the Orcish Mines.
  9424 | D:10     | Found a roughly hewn altar of Beogh.
  9860 | D:10     | Noticed Joseph
  9863 | D:10     | Noticed a two-headed ogre
  9867 | D:10     | Killed a two-headed ogre
  9868 | D:10     | Reached skill level 13 in Polearms
  9868 | D:10     | Reached XP level 11. HP: 75/101 MP: 7/18
  9875 | D:10     | Killed Joseph
 10189 | D:11     | Noticed a white ugly thing
 10192 | D:11     | Noticed Fannar
 10193 | D:11     | Killed a white ugly thing
 10194 | D:11     | Reached skill level 11 in Fighting
 10195 | D:11     | Killed Fannar
 10196 | D:11     | Reached skill level 10 in Invocations
 10293 | D:11     | Noticed Psyche
 10336 | D:11     | Killed Psyche
 10511 | D:11     | Found the +6 shillelagh "Devastator" {shatter}
 10658 | D:11     | Reached skill level 14 in Polearms
 10917 | D:11     | Found a blossoming altar of Fedhas.
 11048 | D:11     | Found Iquegoom's Armour Emporium.
 11048 | D:11     | Noticed a purple ugly thing
 11054 | D:11     | Killed a purple ugly thing
 11528 | D:12     | Identified the +1 leather armour of Integrity {-Tele Str+7}
 11544 | D:12     | Noticed Kirke
 11638 | D:11     | Killed Kirke
 11906 | D:12     | Noticed a boulder beetle
 11938 | D:11     | Killed a boulder beetle
 11939 | D:11     | Reached skill level 11 in Invocations
 12036 | D:11     | Reached skill level 1 in Armour
 12104 | D:11     | Reached skill level 15 in Polearms
 12104 | D:11     | Reached skill level 2 in Armour
 12404 | D:12     | Noticed a manticore
 12407 | D:12     | Noticed Lodul
 12443 | D:11     | Reached XP level 12. HP: 77/112 MP: 20/20
 12542 | D:11     | Killed Lodul
 12772 | D:11     | Reached skill level 3 in Armour
 12865 | D:12     | Identified the +1 plate armour of a wizard's laboratory
                  | {rPois Regen+ Str-3}
 13085 | D:12     | Noticed a two-headed ogre
 13094 | D:12     | Killed a two-headed ogre
 13343 | D:12     | Reached skill level 4 in Armour
 13358 | D:12     | Gained Geork as an ally
 13533 | D:12     | Reached skill level 16 in Polearms
 13872 | D:13     | Noticed Frances
 13904 | D:13     | Noticed a soul eater
 13922 | D:12     | HP: 27/112 [Frances/+0 mace (22)]
 13929 | D:12     | Killed Frances
 14191 | D:13     | Noticed a centaur warrior
 14216 | D:13     | Killed a centaur warrior
 14217 | D:13     | Reached skill level 5 in Armour
 14321 | D:13     | Noticed a vault guard
 14321 | D:13     | Noticed a vault guard
 14321 | D:13     | Noticed a vault guard
 14322 | D:13     | Found a gate to the Vaults.
 14322 | D:13     | Noticed a vault guard
 14322 | D:13     | Noticed a vault guard
 14361 | D:12     | Killed a vault guard
 14361 | D:12     | Killed a vault guard
 14577 | D:12     | Killed a vault guard
 14580 | D:12     | Killed a vault guard
 14673 | D:12     | Killed a vault guard
 14674 | D:12     | Reached skill level 6 in Armour
 14855 | D:13     | Noticed Sonja
 14899 | D:13     | Killed Sonja
 15006 | D:13     | Noticed a vault guard
 15041 | D:13     | Killed a vault guard
 15041 | D:13     | Gained Wargrak as an ally
 15042 | D:13     | Reached skill level 17 in Polearms
 15187 | D:13     | Noticed a centaur warrior
 15197 | D:13     | Noticed Erolcha
 15200 | D:13     | Killed Erolcha
 15200 | D:13     | Killed a centaur warrior
 15201 | D:13     | Reached XP level 13. HP: 68/117 MP: 12/21
 15541 | D:13     | Noticed a vault guard
 15588 | D:13     | Killed a vault guard
 15589 | D:13     | Reached skill level 7 in Armour
 15718 | D:13     | Noticed a vault guard
 15727 | D:13     | Killed a vault guard
 16309 | D:14     | Noticed a rakshasa
 16309 | D:14     | Noticed a rakshasa
 16309 | D:14     | Noticed a rakshasa
 16309 | D:14     | Noticed a rakshasa
 16309 | D:14     | Noticed a rakshasa
 16320 | D:14     | Your ally Geork died
 16324 | D:14     | Killed a rakshasa
 16330 | D:14     | Killed a rakshasa
 16330 | D:14     | HP: 18/117 [rakshasa/+0 trident (15)]
 16331 | D:14     | Killed a rakshasa
 16334 | D:14     | Killed a rakshasa
 16339 | D:14     | Killed a rakshasa
 16610 | D:14     | Reached skill level 18 in Polearms
 16635 | D:14     | Reached skill level 8 in Armour
 18843 | D:15     | Entered Level 15 of the Dungeon
 19788 | D:15     | Gained Orkrul as an ally
 19795 | D:15     | Reached skill level 9 in Armour
 19817 | D:15     | Reached skill level 19 in Polearms
 21057 | D:15     | Reached XP level 14. HP: 102/125 MP: 22/22
 21118 | D:15     | Found a staircase to the Depths.
 21358 | D:15     | Reached skill level 10 in Armour
 21754 | D:15     | Found a glowing golden altar of the Shining One.
 22150 | Lair:1   | Entered Level 1 of the Lair of Beasts
 22550 | Lair:1   | Noticed Harold
 22557 | Lair:1   | Killed Harold
 22947 | Lair:1   | Reached skill level 20 in Polearms
 22989 | Lair:1   | Reached skill level 12 in Invocations
 23756 | Lair:1   | Reached skill level 12 in Fighting
 24010 | Lair:2   | Found a staircase to the Snake Pit.
 24082 | Lair:2   | Found a transporter.
 24090 | Lair:2   | Noticed jasper's ghost (journeyman DsNe)
 24095 | Lair:2   | Found a transporter.
 24588 | Lair:2   | Found a runed translucent door.
 25658 | Lair:2   | Reached skill level 11 in Armour
 25786 | Lair:2   | Reached ****** piety under Beogh
 26421 | Lair:3   | Found a staircase to the Swamp.
 26654 | Lair:3   | Reached skill level 13 in Invocations
 27507 | Lair:4   | Reached skill level 13 in Fighting
 28095 | Lair:5   | Entered Level 5 of the Lair of Beasts
 28404 | Lair:4   | Reached XP level 15. HP: 126/136 MP: 25/25
 28576 | Lair:5   | Found a staircase to the Slime Pits.
 28752 | Lair:5   | Reached skill level 12 in Armour
 28776 | Lair:5   | Gained Grimold as an ally
 28784 | Lair:5   | Gained Harm as an ally
 28825 | Lair:5   | Reached skill level 14 in Invocations
 29647 | Lair:5   | Reached skill level 14 in Fighting
 29715 | Lair:5   | Your ally Harm died
 29719 | Lair:5   | Your ally Wargrak died
 29924 | Lair:5   | Identified the ring "Anam" {Drain rPois rN+ Int+6 SInv}
 29978 | Lair:5   | Identified the amulet "Tesireet" {rF+ Regen+ Str+5}
 30559 | Swamp:1  | Entered Level 1 of the Swamp
 30745 | Lair:3   | Reached skill level 15 in Invocations
 30917 | Swamp:1  | Reached skill level 13 in Armour
 31777 | Swamp:1  | HP: 33/139 [bog body (13)]
 32810 | Swamp:2  | Reached skill level 15 in Fighting
 32821 | Swamp:2  | Noticed Jorgrun
 32825 | Swamp:2  | Killed Jorgrun
 33143 | Swamp:2  | You fall into a shaft and drop 1 floor!
 33157 | Swamp:3  | Noticed Donald
 33173 | Swamp:2  | Reached XP level 16. HP: 53/149 MP: 27/27
 33417 | Swamp:2  | HP: 35/149 [spriggan rider/+0 spear (6)]
 33955 | Swamp:3  | Identified the +1 chain mail of Purpose {Dex+4}
 33966 | Swamp:3  | Reached skill level 16 in Invocations
 34014 | Swamp:3  | Found a runed translucent door.
 34014 | Swamp:3  | Identified the amulet of Butruovaj {Regen+ Dex+2}
 34041 | Swamp:3  | Identified the +1 spear of Eternal War {drain, rF+ Stlth+}
 34042 | Swamp:3  | Noticed MrSquiggles's ghost (journeyman MiAr)
 34056 | Swamp:3  | Paralysed by a hornet for 3 turns
 34446 | Swamp:3  | Reached skill level 14 in Armour
 34544 | Swamp:2  | Killed Donald
 35346 | Swamp:4  | Entered Level 4 of the Swamp
 35346 | Swamp:4  | Noticed a tentacled monstrosity
 35362 | Swamp:3  | Killed a tentacled monstrosity
 35502 | Swamp:4  | Noticed a thorn hunter
 35974 | Swamp:3  | Killed a thorn hunter
 35975 | Swamp:3  | Reached skill level 16 in Fighting
 36101 | Swamp:4  | Noticed a fenstrider witch
 36108 | Swamp:3  | Killed a fenstrider witch
 36744 | Swamp:4  | Reached skill level 17 in Invocations
 37419 | Swamp:4  | Got a decaying rune of Zot
 37652 | Orc:1    | Entered Level 1 of the Orcish Mines
 37731 | Orc:1    | Found Vujuwnunem's Distillery.
 37749 | Orc:1    | Bought a potion of curing for 54 gold pieces
 37749 | Orc:1    | Bought a potion of haste for 180 gold pieces
 37749 | Orc:1    | Bought a potion of curing for 54 gold pieces
 37797 | Orc:2    | Entered Level 2 of the Orcish Mines
 38326 | Orc:2    | Found Pevuigen's Assorted Antiques.
 38326 | Orc:2    | Found Ypeolir's Distillery.
 38343 | Orc:2    | Found Duussearie's Magic Scroll Shoppe.
 38353 | Orc:2    | Found Uxtaas's Antique Weapon Emporium.
 38572 | Orc:2    | Bought a jewelled halberd for 324 gold pieces
 38572 | Orc:2    | Identified the +6 halberd of Ytanowk {spect, Contam rF++}
                  | (You bought it in a shop on level 2 of the Orcish Mines)
 38573 | Orc:2    | Bought a scroll of brand weapon for 104 gold pieces
 38573 | Orc:2    | Bought a scroll of brand weapon for 104 gold pieces
 38578 | Orc:2    | Bought 2 potions of heal wounds for 170 gold pieces
 38578 | Orc:2    | Bought a potion of curing for 51 gold pieces
 38578 | Orc:2    | Bought a potion of curing for 51 gold pieces
 38578 | Orc:2    | Bought a potion of mutation for 136 gold pieces
 38579 | Orc:2    | Bought a scroll of enchant weapon for 187 gold pieces
 38841 | Orc:2    | Found a staircase to the Elven Halls.
 38961 | Orc:2    | Found Jaes's Antique Armour Shoppe.
 39366 | Snake:1  | Entered Level 1 of the Snake Pit
 39393 | Snake:1  | Reached skill level 15 in Armour
 40054 | Snake:1  | Reached XP level 17. HP: 94/160 MP: 29/29
 40380 | Snake:1  | Reached skill level 17 in Fighting
 40396 | Snake:1  | Gained Beowulf as an ally
 40762 | Snake:2  | Gained Norbak as an ally
 40765 | Snake:2  | Reached skill level 18 in Invocations
 40765 | Snake:2  | Your ally Norbak died
 40777 | Snake:2  | Your ally Beowulf died
 41297 | Snake:2  | Found an iron altar of Okawaru.
 41332 | Snake:2  | HP: 38/161 [salamander mystic/+0 quarterstaff (16)]
 41366 | Snake:2  | HP: 34/161 [salamander/+0 glaive (11)]
 41780 | Snake:2  | Gained Bogbarth as an ally
 41784 | Snake:2  | Gained Orkrul as an ally
 41785 | Snake:2  | Your ally Orkrul died
 42496 | Snake:3  | Identified the +2 robe of Duty {rElec rF+}
 42532 | Snake:3  | Gained Morbeogh as an ally
 42540 | Snake:3  | Gained Oruk as an ally
 42825 | Snake:3  | Reached skill level 16 in Armour
 42829 | Snake:3  | HP: 33/162 [naga/+0 trident (25)]
 42839 | Snake:3  | Your ally Oruk died
 43260 | Snake:4  | Entered Level 4 of the Snake Pit
 43453 | Snake:4  | HP: 40/163 [guardian serpent/bolt of poison (4)]
 43462 | Snake:4  | HP: 31/163 [guardian serpent (13)]
 43467 | Snake:4  | HP: 18/163 [poisoned by a guardian serpent (bolt of
                  | poison)]
 43468 | Snake:4  | Slain by a salamander mystic

Illustrated notes

Levels and vault maps discovered:
D:1:      lightli_arrival_chessboard, layout_loops_ring, serial_shops,
          shop_fountains
D:2:      layout_loops_ring, shapermc_ecumenical_altar_mp_highgroup,
          chequers_serial_rivers_room_b
D:3:      minmay_thinvault, layout_loops_corners,
          nicolae_uskayaw_murder_on_the_dancefloor, uniq_jessica,
          uniq_crazy_yiuf_cottage
D:4:      kennysheep_goblin_castle, layout_rooms, uniq_natasha
D:5:      layout_basic, minmay_temple_entry_stoned_glass, serial_shops,
          nicolae_shop_crystal
D:6:      layout_rooms, uniq_menkaure
D:7:      layout_basic, minmay_liquid_box
D:8:      layout_rooms, lair_entry_dummy
D:9:      layout_roguey, grunt_temple_overflow_open
D:10:     layout_roguey, minmay_orc_entry_temple_small, uniq_joseph
D:11:     layout_roguey, serial_shops, shop, fedhas_altar_1, uniq_psyche,
          uniq_fannar
D:12:     layout_rooms, serial_rivers, chequers_serial_rivers_micro_c,
          chequers_serial_rivers_room_b, chequers_serial_rivers_marsh,
          chequers_serial_rivers_marsh, chequers_serial_rivers_large_a,
          chequers_serial_rivers_micro_c, uniq_kirke, uniq_lodul
D:13:     layout_stronghold, erik_vaults_2, uniq_sonja, uniq_erolcha,
          uniq_frances
D:14:     layout_basic, hangedman_abyss_or_decor_stabs,
          chequers_serial_rivers_micro_a, nicolae_burly_brawl
D:15:     hangedman_depths_entry_civil_slaughter, layout_grid_maze,
          grunt_decor_mini_mirrors, tso_oasis_becter
Lair:1:   beast_lair_carwin_large_3, layout_gridlike, nicolae_lair_lil_pond,
          st_stairs_5, serial_bayou_shore_a, uniq_harold
Lair:2:   gammafunk_lair_enchanted_lake, layout_cave_pods, dummy_snake_entry,
          gammafunk_ghost_arena, serial_bayou_ford_a,
          chequers_serial_rivers_small_b
Lair:3:   layout_gridlike, minmay_swamp_entry_swarm, grunt_megastairs_2,
          serial_bayou_shore_b
Lair:4:   layout_roguey, grunt_megastairs_3, infiniplex_staircase_pool,
          lemuel_fruit_tree
Lair:5:   due_jungle_book, layout_small_grid, dpeg_slime_entry_corner
Swamp:1:  layout_basic_swamp, nicolae_swamp_decorative_isthmus,
          infiniplex_staircase_pool_2
Swamp:2:  layout_basic_swamp, nicolae_swamp_small_spring, swamp_pool2,
          uniq_jorgrun
Swamp:3:  layout_falls_marsh, ebering_ghost_funeral_grove,
          evilmike_swamp_ruin_house_3, uniq_donald
Swamp:4:  swamp, layout_basic_swamp, swamp_pool4
Snake:1:  layout_grid_shapes
Snake:2:  layout_onion_interference, basic_altar, statue_in_the_mist_lemuel
Snake:3:  layout_rooms
Snake:4:  grunt_snake_rune_pools, layout_basic, uniq_mara
Orc:1:    layout_caves, serial_shops, shop
Orc:2:    st_orc_mages, layout_diamond_mine, serial_shops, shop,
          portal_ice_cave_entry_imps

Skill      XL: |  1  2  3  4  5  6  7  8  9 10 11 12 13 14 15 16 17 |
---------------+----------------------------------------------------+-----
Fighting       | 4 5 6 7 9 10 11 13 15 16 17 | 17.8
Stealth        | 2 |  2.0
Polearms       | 4 5 6 7 9 11 13 15 17 19 20 | 20.0
Invocations    | 3 5 7 9 11 13 15 17 18 | 18.7
Armour         | 2 6 9 11 13 15 16 | 16.1
Dodging        | |  2.6

Action                     |  1- 3 |  4- 6 |  7- 9 | 10-12 | 13-15 | 16-18 || total
---------------------------+-------+-------+-------+-------+-------+-------++-------
  Melee: Spear             |   106 |       |       |       |       |       ||   106
         Hand axe          |    36 |    57 |    89 |       |       |       ||   182
         Punch             |     1 |       |     3 |       |       |       ||     4
         Dagger            |       |    55 |   152 |       |     4 |       ||   211
         Halberd           |       |       |    37 |   308 |   417 |       ||   762
         Glaive            |       |       |       |       |   433 |   595 ||  1028
         Shillelagh        |       |       |       |       |     5 |    19 ||    24
  Throw: Stone             |       |       |       |     2 |    14 |       ||    16
 Invoke: Convert to Beogh  |       |     1 |       |       |       |       ||     1
         Smiting           |       |       |     3 |    11 |    29 |     9 ||    52
         Recall Orcish Fol |       |       |       |     6 |    18 |    11 ||    35
         Give Item to Name |       |       |       |       |     1 |       ||     1
         Resurrection      |       |       |       |       |     1 |       ||     1
  Evoke: Wand              |       |     5 |       |       |       |     3 ||     8
    Use: Scroll            |       |       |     9 |    13 |     7 |     7 ||    36
         Potion            |       |       |     3 |     1 |     2 |     4 ||    10
   Stab: Sleeping          |     2 |       |       |       |       |       ||     2
         Distracted        |       |       |     1 |     7 |     8 |     4 ||    20
         Confused          |       |       |       |     1 |       |       ||     1
         Paralysed         |       |       |       |       |     4 |       ||     4
 Armour: Leather armour    |    14 |       |       |       |       |       ||    14
         Chain mail        |    48 |    87 |   210 |   222 |   519 |   527 ||  1613
  Dodge: Dodged            |    48 |    49 |   129 |   127 |   316 |   268 ||   937

Table legend: (Time is in decaauts)
 A = Elapsed time spent in this place.
 B = Non-inter-level travel time spent in this place.
 C = Inter-level travel time spent in this place.
 D = Time resting spent in this place.
 E = Time spent auto-exploring this place.
 F = Levels seen in this place.
 G = Mean time per level.
                   A        B        C        D        E       F      G
               +--------+--------+--------+--------+--------+-----+--------+
         Total |  43189 |  41443 |   1746 |  15482 |  17920 |  30 | 1439.6 |
       Dungeon |  22510 |  21416 |   1094 |   7408 |   9465 |  15 | 1500.7 |
          Lair |   8715 |   8303 |    412 |   2429 |   4262 |   5 | 1743.0 |
         Swamp |   6382 |   6278 |    104 |   3782 |   1509 |   4 | 1595.5 |
     Snake Pit |   3992 |   3968 |     24 |   1662 |   1650 |   4 |  998.0 |
  Orcish Mines |   1587 |   1477 |    110 |    200 |   1033 |   2 |  793.5 |
               +--------+--------+--------+--------+--------+-----+--------+

Top non-repeatable levels by time:
    D:15: 3184 daAuts
 Swamp:3: 2638 daAuts
    D:14: 2355 daAuts
    D:12: 2241 daAuts
  Lair:2: 2241 daAuts
  Lair:5: 2224 daAuts
    D:13: 2172 daAuts
  Lair:3: 2048 daAuts
    D:11: 1882 daAuts
 Swamp:2: 1775 daAuts
 Snake:2: 1619 daAuts
     D:4: 1444 daAuts
 Swamp:1: 1349 daAuts
     D:3: 1282 daAuts
  Lair:1: 1278 daAuts

Table legend:
 A = Kills in this place as a percentage of kills in entire the game.
 B = Kills by you in this place as a percentage of kills by you in the entire game.
 C = Kills by friends in this place as a percentage of kills by friends in the entire game.
 D = Other kills in this place as a percentage of other kills in the entire game.
 E = Experience gained in this place as a percentage of experience gained in the entire game.
 F = Experience gained in this place divided by the number of levels of this place that you have seen.
                   A       B       C       D       E      F
               +-------+-------+-------+-------+-------+----------------------
         Total | 100.0 | 100.0 | 100.0 | 100.0 | 100.0 | 7144.0
       Dungeon |  43.1 |  46.6 |  35.9 |   0.0 |  28.8 | 4111.7
          Lair |  24.2 |  18.6 |  35.9 |   0.0 |  24.8 | 10650.0
         Swamp |  12.1 |  13.7 |   8.5 | 100.0 |  23.3 | 12483.8
     Snake Pit |  13.0 |  16.5 |   5.8 |   0.0 |  20.7 | 11110.8
  Orcish Mines |   7.6 |   4.6 |  13.9 |   0.0 |   2.3 | 2508.5
               +-------+-------+-------+-------+-------+----------------------
